 Dungeon Crawl Stone Soup version 0.31-a0-627-gd65175cf8b (webtiles) character file.

Game seed: 1084174832112067752

27960 Ijustatesigmund the Fighter (level 13, -11/87 HPs)
             Began as a Gargoyle Artificer on Aug 25, 2023.
             Was a High Priest of Cheibriados.
             Mangled by a lorocyproca (15 damage)
             ... on level 1 of the Abyss.
             The game lasted 00:39:30 (20105 turns).

Ijustatesigmund the Fighter (Gargoyle Artificer)   Turns: 20105, Time: 00:39:30

Health: -11/87     AC: 29    Str: 31    XL:     13   Next: 35%
Magic:  0/21       EV:  9    Int: 24    God:    Cheibriados [*****.]
Gold:   476        SH: 11    Dex: 21    Spells: 12/12 levels left

rFire   . . .        v - +5 eveningstar
rCold   . . .        i - +0 kite shield
rNeg    + + .        b - +1 plate armour
rPois   ∞            (no helmet)
rElec   +            (no cloak)
rCorr   .            x - +1 pair of gloves
SInv    .            y - +1 pair of boots
Will    .....        (no amulet) Stlth
                     e - ring of positive energy
HPRegen 0.34/turn    (no ring)
MPRegen 0.17/turn

%: no passive effects
@: hasted, invisible, slow
A: sickness immunity, AC +9, negative energy resistance 1, electricity
resistance, torment resistance 1, petrification resistance
a: Renounce Religion, Bend Time, Temporal Distortion, Slouch, Step From Time


You were on level 1 of the Abyss.
You worshipped Cheibriados.
Cheibriados was extremely pleased with you.
You visited 2 branches of the dungeon, and saw 14 of its levels.
You visited the Abyss 1 time.
You also visited: Ice Cave.

You collected 625 gold pieces.
You spent 149 gold pieces at shops.

Inventory:

Hand Weapons
 a - a +4 morningstar of flaming
 v - a +5 eveningstar (weapon)
Armour
 b - a +1 plate armour (worn)
 i - a +0 kite shield (worn)
 x - a +1 pair of gloves (worn)
 y - a +1 pair of boots (worn)
Magical Staves
 g - a staff of earth
 h - a staff of earth
Jewellery
 e - a ring of positive energy (left hand)
Talismans
 z - a serpent talisman
Wands
 c - a wand of flame (7) (quivered)
 B - a wand of mindburst (5)
Scrolls
 f - a scroll of fear
 j - 2 scrolls of enchant armour
 n - a scroll of poison
 r - a scroll of teleportation
 t - 2 scrolls of amnesia
Potions
 k - 5 potions of attraction
 l - a potion of brilliance
 m - 3 potions of curing
 o - 5 potions of enlightenment
 p - 2 potions of lignification
 q - a potion of cancellation
 s - a potion of mutation


   Skills:
 - Level 12.8 Fighting
 + Level 10.8 Maces & Flails
 - Level 9.0 Armour
 - Level 3.8 Dodging
 - Level 1.1 Stealth
 + Level 4.7 Shields
 + Level 11.2 Invocations
 - Level 6.8 Evocations


You had 12 spell levels left.
You didn't know any spells.
Your spell library contained the following spells:

 Spells                   Type           Power      Damage    Failure   Level
 Slow                     Hex            0%         N/A       88%         1
 Summon Small Mammal      Summ           0%         N/A       88%         1
 Lesser Beckoning         Tloc           0%         N/A       96%         2
 Wereblood                Tmut           0%         N/A       96%         2
 Call Canine Familiar     Summ           0%         N/A       99%         3
 Confusing Touch          Hex            0%         N/A       99%         3
 Gell's Gravitas          Tloc           0%         N/A       99%         3
 Ignite Poison            Fire/Tmut/Pois 0%         N/A       99%         3
 Summon Guardian Golem    Hex/Summ       0%         N/A       99%         3
 Teleport Other           Tloc           0%         N/A       99%         3
 Vampiric Draining        Necr           0%         2d6       99%         3
 Animate Dead             Necr           0%         N/A       100%        4
 Borgnjor's Vile Clutch   Necr/Erth      0%         N/A       100%        5
 Fireball                 Conj/Fire      0%         3d3       100%        5
 Freezing Cloud           Conj/Ice/Air   0%         6-21      100%        5
 Irradiate                Conj/Tmut      0%         3d11      100%        5
 Iskenderun's Battlesphe  Conj           0%         2d6       100%        5
 Conjure Ball Lightning   Conj/Air       0%         3x3d6     100%        6
 Death Channel            Necr           0%         N/A       100%        6
 Orb of Destruction       Conj           0%         9d5       100%        7
 Cigotuvi's Dreadful Rot  Necr/Pois/Air  Unusable   N/A       N/A         2

Dungeon Overview and Level Annotations

Branches:
Dungeon (13/15)            Temple (1/1) D:4            Lair (0/5) D:9
    Orc (0/2) D:9           IceCv (visited)
 Vaults: D:13-14

Altars:
Ashenzari
Cheibriados
Dithmenos
Elyvilon
Fedhas
Gozag
Hepliaklqana
Kikubaaqudgha
Makhleb
Nemelex Xobeh
Okawaru
Qazlal
Ru
Sif Muna
Trog
Uskayaw
Vehumet
Wu Jian
Xom
Yredelemnul
Zin
The Shining One

Shops:
D:5 ?

Annotations:
D:13 Erolcha


Innate Abilities, Weirdness & Mutations

You are immune to sickness and miasma.
Your stone body is resilient. (AC +9)
You are immune to poison.
You resist negative energy. (rN+)
You are resistant to electric shocks. (rElec)
You are resistant to unholy torment.
You are immune to petrification.


Message History

You impale something!! Something hits you but does no damage.
You hit something. You block something's attack.
You miss something. You block something's attack.
You hit something but do no damage. You block something's attack.
You puncture something! Something hits you but does no damage.
You closely miss something. Something hits you!
You feel your power leaking away.
The large abomination barely misses you.
You puncture something! Something hits you but does no damage.
You block the large abomination's attack.
You hit something. Something hits you!
You feel your power leaking away.
You block the large abomination's attack.
You miss something. Something hits you!
You feel your power leaking away.
You block the large abomination's attack.
You barely miss something. Something hits you!
* * * LOW HITPOINT WARNING * * *
You feel your power leaking away.
Okay, then.
Okay, then.
Okay, then.
You feel better. Something hits you but does no damage.
The large abomination hits you but does no damage.
You feel better. Something hits you!!
* * * LOW HITPOINT WARNING * * *
The large abomination hits you!
* * * LOW HITPOINT WARNING * * *
You feel better. Something hits you!
* * * LOW HITPOINT WARNING * * *
You block the large abomination's attack.
It was a potion of haste.
You feel yourself speed up.
Cheibriados forgives your accidental hurry, just this once.
Something hits you.
* * * LOW HITPOINT WARNING * * *
You block the large abomination's attack.
It was a potion of invisibility.
You fade into invisibility!
Something hits you!
You die...

#######
###.....#
#.'.{@..#
#.#..X..+
#.....#
#.....#
#.....#
#......
#.....#.
####'##.#


You could see a large abomination (unable to see you).

Vanquished Creatures
  Jorgrun (D:12)
  Snorg (D:11)
  2 hydras
  2 boulder beetles
  5 death yaks
  6 two-headed ogres
  Urug (D:11)
  A thrashing horror (Abyss:1)
  Sonja (D:13)
  6 starcursed masses (Abyss:1)
  A worldbinder (Abyss:1)
  An ugly thing (D:13)
  A manticore (D:11)
  3 cyclopes
  10 slime creatures
  2 gargoyles
  Maggie (D:8)
  2 kobold demonologists (D:12)
  2 ancient zymes (Abyss:1)
  A troll (D:10)
  A hornet (D:9)
  A large abomination (Abyss:1)
  A ynoxinul (Abyss:1)
  A water elemental (D:12)
  Sigmund (D:7)
  2 wyverns
  29 yaks
  Eustachio (D:4)
  A steam dragon (D:9)
  Edmund (D:7)
  A water moccasin (D:9)
  A black bear (D:6)
  An orc warrior (D:9)
  A sky beast (D:7)
  5 centaurs
  3 kobold brigands
  A gnoll sergeant (D:7)
  2 bullfrogs
  A scorpion (D:6)
  A two-headed ogre simulacrum (IceCv)
  A cane toad simulacrum (IceCv)
  10 wights
  11 killer bees
  An elephant simulacrum (IceCv)
  A howler monkey (D:11)
  An electric eel (D:12)
  A jelly (D:5)
  3 orc priests
  2 hounds
  2 sleepcaps
  5 iguanas
  An orc wizard (D:8)
  A spriggan simulacrum (IceCv)
  2 gnolls
  9 adders
  4 ufetubi
  2 worms (D:2)
  2 dart slugs
  26 orcs
  5 bats
  5 endoplasms
  A giant cockroach (D:4)
  6 goblins
  4 hobgoblins
  5 quokkas
  4 ball pythons
  3 frilled lizards
  17 kobolds
  5 rats
246 creatures vanquished.

Vanquished Creatures (collateral kills)
  2 centaurs (D:12)
  An electric eel (D:12)
  A jelly (D:6)
  2 gnolls (D:7)
  2 orcs (D:4)
  An endoplasm (D:4)
9 creatures vanquished.

Vanquished Creatures (others)
  A two-headed ogre (D:12)
  A wyvern (D:8)
  2 centaurs (D:12)
  An ogre (D:6)
  A two-headed ogre simulacrum (IceCv)
  A wight (D:8)
  An orc wizard (D:8)
  4 starspawn tentacles (Abyss:1)
12 creatures vanquished.

Grand Total: 267 creatures vanquished

Notes
Turn   | Place    | Note
-------+----------+-------------------------------------------
     0 | D:1      | Ijustatesigmund the Gargoyle Artificer began the quest for
                  | the Orb.
     0 | D:1      | Reached XP level 1. HP: 12/12 MP: 1/1
   153 | D:1      | Reached skill level 1 in Maces & Flails
   153 | D:1      | Reached XP level 2. HP: 15/17 MP: 2/2
   326 | D:1      | Reached skill level 2 in Fighting
   894 | D:1      | Reached XP level 3. HP: 21/21 MP: 3/3
  2600 | D:3      | Found a faded altar of an unknown god.
  2680 | D:3      | Reached skill level 3 in Fighting
  2680 | D:3      | Reached XP level 4. HP: 25/28 MP: 4/4
  3817 | D:4      | Reached XP level 5. HP: 31/32 MP: 5/5
  3947 | D:4      | Found a staircase to the Ecumenical Temple.
  3956 | Temple   | Entered the Ecumenical Temple
  3971 | Temple   | Became a worshipper of Cheibriados the Contemplative
  4262 | D:4      | Noticed Eustachio
  4282 | D:4      | Killed Eustachio
  4283 | D:4      | Reached skill level 4 in Fighting
  4283 | D:4      | Reached skill level 1 in Invocations
  4283 | D:4      | Reached XP level 6. HP: 26/38 MP: 4/7
  4998 | D:5      | Entered Level 5 of the Dungeon
  5388 | D:5      | Reached XP level 7. HP: 23/44 MP: 8/8
  6046 | D:5      | Found Uriler's Magic Scroll Shop.
  6052 | D:5      | Bought a scroll of blinking for 97 gold pieces
  6052 | D:5      | Bought a scroll of identify for 26 gold pieces
  6052 | D:5      | Bought a scroll of identify for 26 gold pieces
  6383 | D:6      | Reached skill level 5 in Fighting
  6589 | D:6      | Reached * piety under Cheibriados
  7216 | D:6      | Reached XP level 8. HP: 48/49 MP: 10/10
  7418 | D:6      | Reached skill level 5 in Armour
  7970 | D:7      | Reached skill level 5 in Maces & Flails
  8065 | D:7      | Reached skill level 1 in Dodging
  8084 | D:7      | Reached skill level 6 in Fighting
  8494 | D:7      | Reached skill level 5 in Invocations
  8604 | D:7      | Noticed Sigmund
  8609 | D:7      | Reached ** piety under Cheibriados
  8616 | D:7      | Noticed Edmund
  8629 | D:7      | Killed Edmund
  8630 | D:7      | Reached XP level 9. HP: 10/56 MP: 11/13
  8651 | D:7      | Killed Sigmund
  9496 | D:8      | Reached skill level 7 in Fighting
  9584 | D:8      | Found an opulent altar of Gozag.
  9745 | D:8      | HP: 2/57 [wyvern (14)]
  9918 | D:8      | Noticed a two-headed ogre
  9932 | D:8      | Killed a two-headed ogre
 10364 | D:8      | Reached XP level 10. HP: 60/64 MP: 15/15
 10435 | D:8      | Reached skill level 8 in Fighting
 10474 | D:8      | Reached *** piety under Cheibriados
 10551 | D:8      | Noticed Maggie
 11111 | D:8      | Noticed a two-headed ogre
 11124 | D:8      | Killed a two-headed ogre
 11139 | D:8      | Killed Maggie
 11441 | D:9      | Noticed a death yak
 11441 | D:9      | Noticed a death yak
 11444 | D:9      | Noticed a death yak
 11447 | D:9      | Noticed a death yak
 11468 | D:8      | Killed a death yak
 11469 | D:8      | Reached skill level 9 in Fighting
 11715 | D:9      | Noticed a two-headed ogre
 11725 | D:9      | Killed a two-headed ogre
 12126 | D:9      | Noticed a death yak
 12147 | D:9      | Killed a death yak
 12148 | D:9      | Reached skill level 5 in Evocations
 12148 | D:9      | Reached XP level 11. HP: 62/71 MP: 17/17
 12160 | D:9      | Killed a death yak
 12172 | D:9      | Killed a death yak
 12176 | D:9      | Killed a death yak
 12530 | D:9      | Noticed a two-headed ogre
 12545 | D:9      | Killed a two-headed ogre
 12546 | D:9      | Reached skill level 10 in Fighting
 13060 | D:9      | Found a staircase to the Lair.
 13139 | D:9      | Noticed a six-headed hydra
 13147 | D:9      | Killed a six-headed hydra
 13158 | D:9      | Reached **** piety under Cheibriados
 13294 | D:9      | Found a white marble altar of Elyvilon.
 13332 | D:9      | Found a staircase to the Orcish Mines.
 13458 | D:9      | Noticed a boulder beetle
 13484 | D:9      | Killed a boulder beetle
 13849 | D:10     | Entered Level 10 of the Dungeon
 14160 | D:10     | Found an ornate altar of the Wu Jian Council.
 14160 | D:10     | Found a shimmering blue altar of Sif Muna.
 14199 | D:10     | Reached skill level 11 in Fighting
 14506 | D:10     | Reached XP level 12. HP: 53/80 MP: 18/18
 14891 | D:11     | Noticed a two-headed ogre
 14902 | D:11     | Killed a two-headed ogre
 14940 | D:11     | Noticed Snorg
 14960 | D:11     | Killed Snorg
 14961 | D:11     | Reached skill level 12 in Fighting
 14977 | D:11     | Noticed a two-headed ogre
 14998 | D:11     | Found a frozen archway.
 15107 | IceCv    | Entered an ice cave
 16540 | D:11     | Killed a two-headed ogre
 16649 | D:11     | Noticed Urug
 16655 | D:11     | Killed Urug
 17079 | D:12     | Noticed a sun demon
 17092 | D:12     | Noticed a boulder beetle
 17117 | D:12     | Killed a boulder beetle
 17274 | D:12     | Noticed a two-headed ogre
 17557 | D:12     | Reached skill level 10 in Invocations
 18115 | D:12     | Noticed Jorgrun
 18123 | D:12     | Killed Jorgrun
 18124 | D:12     | Reached skill level 10 in Maces & Flails
 18485 | D:12     | Noticed an eight-headed hydra
 18497 | D:12     | Killed an eight-headed hydra
 18498 | D:12     | Reached XP level 13. HP: 15/87 MP: 20/20
 19716 | D:13     | Noticed Sonja
 19717 | D:13     | Noticed Erolcha
 19720 | D:13     | Killed Sonja
 19723 | Abyss:1  | Cast into level 1 of the Abyss (Erolcha)
 19805 | Abyss:1  | Noticed a starcursed mass
 19829 | Abyss:1  | Reached ***** piety under Cheibriados
 19829 | Abyss:1  | Paralysed by accursed screaming for 1 turns
 19830 | Abyss:1  | Noticed a tentacled starspawn
 20104 | Abyss:1  | HP: 4/87 [something (6)]
 20105 | Abyss:1  | Mangled by a lorocyproca

Illustrated notes

Levels and vault maps discovered:
D:1:      eino_arrival_cavern_a, layout_basic, chequers_big_river
D:2:      layout_basic
D:3:      layout_basic, nicolae_ecumenical_lake_church,
          minmay_misc_feat_diagonals, wad_floor_pattern_untrapped, minivault_26,
          kennysheep_small_spiral, minmay_quadrilaterals
D:4:      layout_cave_pods, minmay_temple_entry_gardened_gates, uniq_eustachio
D:5:      layout_loops_ring, serial_shops, nicolae_shop_hallway_plus,
          water_maze_lemuel
D:6:      layout_loops_ring
D:7:      layout_basic, grunt_ministairs_9, sigmund_edmund_badplayer
D:8:      layout_loops_corners, mainiacjoe_overflow_boulevard,
          amcnicky_mini_pool_small, uniq_maggie
D:9:      kennysheep_big_flooded_room, layout_layer_cave,
          nicolae_elyvilon_temple_path, dpeg_lair_monsters
D:10:     layout_irregular_city, gammafunk_temple_overflow_pools
D:11:     layout_basic, portal_ice_cave_entry_pillars_2, uniq_snorg, uniq_urug
D:12:     layout_basic, gauntlet_entry_generic, uniq_jorgrun
D:13:     layout_roguey, uniq_erolcha, uniq_sonja, uniq_frances
Temple:   eino_narrow_crystal_temple
Abyss:1:  base:
D:13

Skill      XL: |  1  2  3  4  5  6  7  8  9 10 11 12 13 |
---------------+----------------------------------------+-----
Maces & Flails | 1 2 3 4 5 7 8 9 10 | 10.8
Fighting       | 2 3 4 5 6 7 9 11 12 | 12.8
Armour         | 3 4 5 7 9 |  9.0
Invocations    | 1 2 3 5 6 8 9 10 11 | 11.2
Dodging        | 2 3 |  3.8
Evocations     | 5 6 |  6.8
Shields        | 2 4 |  4.7
Stealth        | |  1.1

Action                     |  1- 3 |  4- 6 |  7- 9 | 10-12 | 13-15 || total
---------------------------+-------+-------+-------+-------+-------++-------
  Melee: Club              |    20 |       |       |       |       ||    20
         Short sword       |    70 |       |       |       |       ||    70
         Mace              |    87 |     2 |       |       |       ||    89
         Punch             |     1 |     1 |     1 |       |       ||     3
         Flail             |       |   148 |   175 |       |       ||   323
         Dire flail        |       |       |    82 |   535 |       ||   617
         Eveningstar       |       |       |       |    15 |   119 ||   134
 Invoke: Bend Time         |       |       |       |     2 |       ||     2
         Slouch            |       |       |       |     1 |     1 ||     2
  Evoke: Wand              |     2 |     4 |    31 |    28 |     1 ||    66
    Use: Scroll            |     7 |     2 |    12 |     9 |     2 ||    32
         Potion            |       |       |       |     2 |     7 ||     9
   Stab: Sleeping          |     1 |       |       |       |       ||     1
 Armour: Leather armour    |    63 |       |       |       |       ||    63
         Plate armour      |    19 |   130 |   230 |   366 |    99 ||   844
  Dodge: Dodged            |    84 |    41 |   111 |   231 |    44 ||   511
  Block: Kite shield       |       |       |       |    20 |    64 ||    84

Table legend: (Time is in decaauts)
 A = Elapsed time spent in this place.
 B = Non-inter-level travel time spent in this place.
 C = Inter-level travel time spent in this place.
 D = Time resting spent in this place.
 E = Time spent auto-exploring this place.
 F = Levels seen in this place.
 G = Mean time per level.
                   A        B        C        D        E       F      G
               +--------+--------+--------+--------+--------+-----+--------+
         Total |  24315 |  23021 |   1294 |   7320 |  12526 |  16 | 1519.7 |
       Dungeon |  23360 |  22099 |   1261 |   6790 |  12333 |  13 | 1796.9 |
        Temple |     34 |      1 |     33 |      0 |      0 |   1 |   34.0 |
         Abyss |    466 |    466 |      0 |    173 |    181 |   1 |  466.0 |
      Ice Cave |    455 |    455 |      0 |    356 |     11 |   1 |  455.0 |
               +--------+--------+--------+--------+--------+-----+--------+

Top non-repeatable levels by time:
     D:9: 3050 daAuts
     D:8: 2947 daAuts
    D:11: 2806 daAuts
    D:12: 2315 daAuts
     D:6: 1916 daAuts
     D:7: 1762 daAuts
    D:10: 1553 daAuts
     D:5: 1511 daAuts
     D:3: 1430 daAuts
     D:4: 1356 daAuts
     D:2: 1291 daAuts
     D:1: 1134 daAuts
 Abyss:1: 466 daAuts
   IceCv: 455 daAuts
    D:13: 284 daAuts
